NYP
EUGENE EMERALDS @ BATAVIA MUCKDOGS
06/07/2048
 
TOP OF THE 1ST
Eugene Emeralds batting - Pitching for Batavia Muckdogs : RHP Jesus Gomez
Pitching: RHP Jesus Gomez
Batting: RHB Du Kim 0-0: Ground out 6-3 (Groundball, 6, EV 83.1 MPH)
Batting: RHB Ricky Ramirez 0-0: Ball
1-0: Called Strike
1-1: Ball
2-1: Ball
3-1: Called Strike
3-2: Ground out 6-3 (Groundball, 6S, EV 85.6 MPH)
Batting: RHB Mike Hill 0-0: Foul Ball, location: 2F
0-1: Fly out, F6 (Popup, 4MD, EV 51.2 MPH)
Top of the 1st over - 0 runs, 0 hits, 0 errors, 0 left on base; Eugene 0 - Batavia 0
BOTTOM OF THE 1ST
Batavia Muckdogs batting - Pitching for Eugene Emeralds : RHP Luis Solis
Pitching: RHP Luis Solis
Batting: SHB Justin Corbett 0-0: Called Strike
0-1: Ball
1-1: Called Strike
1-2: Ball
2-2: Foul Ball, location: 2F
2-2: Ball
3-2: Strikes out swinging
Batting: LHB Danny Treto 0-0: Called Strike
0-1: Ball
1-1: Reached on error, E1 (Groundball, 15S, EV 63.1 MPH)
Batting: RHB Reomel Somera 0-0: Called Strike
0-1: Ball
1-1: Ball
2-1: Ground out 6-3 (Groundball, 6, EV 101.9 MPH)
Batting: RHB Justin Dunham 0-0: SINGLE (Groundball, 6MD, EV 96.9 MPH)
Danny Treto to third
Runner from 3rd tries for Home, SAFE, throw by CF to home
Batting: RHB Andy Kelly 0-0: Fly out, F4 (Popup, 34, EV 68.1 MPH)
Bottom of the 1st over - 1 run, 1 hit, 1 error, 1 left on base; Eugene 0 - Batavia 1
TOP OF THE 2ND
Eugene Emeralds batting - Pitching for Batavia Muckdogs : RHP Jesus Gomez
Batting: RHB Adrian Cox 0-0: Foul Ball, location: 2F
0-1: Swinging Strike
0-2: Strikes out swinging
Batting: RHB Jorge Lagunas 0-0: Ball
1-0: Foul Ball, location: 2F
1-1: Ball
2-1: Ground out 5-3 (Groundball, 56, EV 95.0 MPH)
Batting: RHB Victor Ramirez 0-0: Ball
1-0: Ball
2-0: Called Strike
2-1: Foul Ball, location: 2F
2-2: Ball
3-2: Strikes out looking
Top of the 2nd over - 0 runs, 0 hits, 0 errors, 0 left on base; Eugene 0 - Batavia 1
BOTTOM OF THE 2ND
Batavia Muckdogs batting - Pitching for Eugene Emeralds : RHP Luis Solis
Batting: RHB George Boivin 0-0: Called Strike
0-1: Called Strike
0-2: Foul Ball, location: 2F
0-2: Ball
1-2: Ball
2-2: Fly out, F4 (Popup, 3S, EV 76.9 MPH)
Batting: RHB Jim Fisher 0-0: Ball
1-0: Foul Ball, location: 2F
1-1: Ball
2-1: DOUBLE (Line Drive, 7LS, EV 96.9 MPH)
Batting: RHB Jeremy Dennis 0-0: Ball
1-0: SINGLE (Line Drive, 78S, EV 103.8 MPH)
Jim Fisher to third
Batting: RHB Calvin Morin 0-0: Called Strike
0-1: Foul Ball, location: 2F
0-2: Fly out, F6 (Popup, 6S, EV 75.6 MPH)
Batting: SHB Justin Corbett 0-0: Ball
1-0: Ball
2-0: Foul Ball, location: 2F
2-1: Ball
3-1: Base on Balls
Jeremy Dennis to second
Batting: LHB Danny Treto 0-0: Called Strike
0-1: Ground out 4-3 (Groundball, 4, EV 79.4 MPH)
Bottom of the 2nd over - 0 runs, 2 hits, 0 errors, 3 left on base; Eugene 0 - Batavia 1
TOP OF THE 3RD
Eugene Emeralds batting - Pitching for Batavia Muckdogs : RHP Jesus Gomez
Batting: RHB Gilberto Alvarado 0-0: Foul Ball, location: 2F
0-1: Ball
1-1: Ball
2-1: Ball
3-1: Swinging Strike
3-2: Strikes out swinging
Batting: RHB David Bousfield 0-0: Ball
1-0: Foul Ball, location: 2F
1-1: Ball
2-1: Ball
3-1: Foul Ball, location: 2F
3-2: Strikes out swinging
Batting: RHB Dan Orozco 0-0: Foul Ball, location: 2F
0-1: SINGLE (Line Drive, 9S, EV 103.8 MPH)
Batting: RHB Du Kim 0-0: Ball
Dan Orozco steals 2nd, throwing error, E2
Dan Orozco to third
1-0: Ball
2-0: Called Strike
2-1: Foul Ball, location: 2F
2-2: Foul Ball, location: 2F
2-2: Strikes out swinging
Top of the 3rd over - 0 runs, 1 hit, 1 error, 1 left on base; Eugene 0 - Batavia 1
BOTTOM OF THE 3RD
Batavia Muckdogs batting - Pitching for Eugene Emeralds : RHP Luis Solis
Batting: RHB Reomel Somera 0-0: Ball
1-0: Ball
2-0: SINGLE (Line Drive, 9S, EV 107.5 MPH)
Batting: RHB Justin Dunham 0-0: SINGLE (Groundball, P, EV 83.8 MPH) (infield hit)
Reomel Somera to second
Batting: RHB Andy Kelly 0-0: Ball
1-0: Fly out, F6 (Popup, 56D, EV 69.4 MPH)
Batting: RHB George Boivin 0-0: Ball
1-0: Swinging Strike
1-1: Ball
Wild Pitch!
Reomel Somera to third
Justin Dunham to second
2-1: Ball
3-1: Base on Balls
Batting: RHB Jim Fisher 0-0: Ball
1-0: Ball
2-0: Foul Ball, location: 2F
2-1: Called Strike
2-2: Strikes out swinging
Batting: RHB Jeremy Dennis 0-0: Foul Ball, location: 2F
0-1: Ball
1-1: Swinging Strike
1-2: Fielders Choice at 2nd, 5-4 (Groundball, 56, EV 91.9 MPH)
Bottom of the 3rd over - 0 runs, 2 hits, 0 errors, 3 left on base; Eugene 0 - Batavia 1
TOP OF THE 4TH
Eugene Emeralds batting - Pitching for Batavia Muckdogs : RHP Jesus Gomez
Batting: RHB Ricky Ramirez 0-0: Ball
1-0: Ball
2-0: Foul Ball, location: 2F
2-1: Ball
3-1: Base on Balls
Batting: RHB Mike Hill 0-0: Swinging Strike
0-1: Ball
1-1: Swinging Strike
1-2: Foul Ball, location: 2F
1-2: Strikes out looking
Batting: RHB Adrian Cox 0-0: Ball
1-0: Ball
2-0: Called Strike
2-1: Called Strike
2-2: Foul Ball, location: 2F
2-2: Ball
Passed Ball!
Ricky Ramirez to second
3-2: Strikes out swinging
Batting: RHB Jorge Lagunas 0-0: Called Strike
0-1: Foul Ball, location: 2F
0-2: Strikes out swinging
Top of the 4th over - 0 runs, 0 hits, 0 errors, 1 left on base; Eugene 0 - Batavia 1
BOTTOM OF THE 4TH
Batavia Muckdogs batting - Pitching for Eugene Emeralds : RHP Luis Solis
Batting: RHB Calvin Morin 0-0: Called Strike
0-1: Ball
1-1: Fly out, F7 (Flyball, 7, EV 97.5 MPH)
Batting: SHB Justin Corbett 0-0: Called Strike
0-1: Fly out, F8 (Flyball, 8RXD, EV 78.1 MPH)
Batting: LHB Danny Treto 0-0: Ball
1-0: Ball
2-0: Called Strike
2-1: Swinging Strike
2-2: Ball
3-2: Ground out U3 (Groundball, 34, EV 106.9 MPH)
Bottom of the 4th over - 0 runs, 0 hits, 0 errors, 0 left on base; Eugene 0 - Batavia 1
TOP OF THE 5TH
Eugene Emeralds batting - Pitching for Batavia Muckdogs : RHP Jesus Gomez
Batting: RHB Victor Ramirez 0-0: Swinging Strike
0-1: Swinging Strike
0-2: Fly out, F7 (Flyball, 7, EV 94.4 MPH)
Batting: RHB Gilberto Alvarado 0-0: Fly out, F9 (Flyball, 89M, EV 95.0 MPH)
Batting: RHB David Bousfield 0-0: Ball
1-0: Swinging Strike
1-1: Called Strike
1-2: Ball
2-2: Strikes out swinging
Top of the 5th over - 0 runs, 0 hits, 0 errors, 0 left on base; Eugene 0 - Batavia 1
BOTTOM OF THE 5TH
Batavia Muckdogs batting - Pitching for Eugene Emeralds : RHP Luis Solis
Batting: RHB Reomel Somera 0-0: SOLO HOME RUN (Line Drive, 78XD, EV 101.2 MPH), Distance : 403 ft
Batting: RHB Justin Dunham 0-0: Ball
1-0: Foul Ball, location: 2F
1-1: Swinging Strike
1-2: Foul Ball, location: 2F
1-2: Ball
2-2: Ball
3-2: Strikes out swinging
Batting: RHB Andy Kelly 0-0: Foul Ball, location: 2F
0-1: Ball
1-1: Called Strike
1-2: Ball
2-2: Ball
3-2: Base on Balls
Pitching: RHP Francisco Landin
Batting: RHB George Boivin 0-0: Ball
1-0: Called Strike
1-1: Grounds into double play, 5-4-3 (Groundball, 5, EV 101.2 MPH)
Bottom of the 5th over - 1 run, 1 hit, 0 errors, 0 left on base; Eugene 0 - Batavia 2
TOP OF THE 6TH
Eugene Emeralds batting - Pitching for Batavia Muckdogs : RHP Jesus Gomez
Batting: RHB Dan Orozco 0-0: Called Strike
0-1: Ball
1-1: Foul Ball, location: 2F
1-2: Strikes out swinging
Batting: RHB Du Kim 0-0: Ball
1-0: Foul Ball, location: 2F
1-1: Foul Ball, location: 2F
1-2: Strikes out swinging
Batting: RHB Ricky Ramirez 0-0: Ball
1-0: Called Strike
1-1: Ball
2-1: Called Strike
2-2: Ball
3-2: SINGLE (Groundball, 6MD, EV 93.8 MPH)
Batting: RHB Mike Hill 0-0: Foul Ball, location: 2F
0-1: Foul Ball, location: 2F
0-2: Ball
1-2: Foul Ball, location: 2F
1-2: Ball
2-2: Ball
3-2: Foul Ball, location: 2F
3-2: Fly out, F3 (Popup, 3S, EV 76.9 MPH)
Top of the 6th over - 0 runs, 1 hit, 0 errors, 1 left on base; Eugene 0 - Batavia 2
BOTTOM OF THE 6TH
Batavia Muckdogs batting - Pitching for Eugene Emeralds : RHP Francisco Landin
Batting: RHB Jim Fisher 0-0: DOUBLE (Line Drive, 8RD, EV 106.9 MPH)
Batting: RHB Jeremy Dennis 0-0: Ball
1-0: Ball
2-0: Ball
3-0: Called Strike
3-1: Base on Balls
Batting: RHB Calvin Morin 0-0: Ball
1-0: Called Strike
1-1: Swinging Strike
1-2: Ball
2-2: Ball
3-2: Base on Balls
Jim Fisher to third
Jeremy Dennis to second
Batting: SHB Justin Corbett 0-0: Called Strike
0-1: Ball
1-1: Foul Ball, location: 2F
1-2: SINGLE (Groundball, 4M, EV 97.5 MPH) (infield hit)
Jim Fisher scores
Jeremy Dennis to third
Calvin Morin to second
Batting: LHB Danny Treto 0-0: Called Strike
0-1: Swinging Strike
0-2: Grounds into double play, 4-6-3 (Groundball, 4, EV 110.6 MPH)
Jeremy Dennis scores
Calvin Morin to third
Pitching: RHP Reginald Bamber
Batting: RHB Reomel Somera 0-0: Ball
1-0: Called Strike
1-1: Ball
2-1: Called Strike
2-2: Foul Ball, location: 2F
2-2: Foul Ball, location: 2F
2-2: Foul Ball, location: 2F
2-2: Foul Ball, location: 2F
2-2: Ball
3-2: Strikes out swinging
Bottom of the 6th over - 2 runs, 2 hits, 0 errors, 1 left on base; Eugene 0 - Batavia 4
TOP OF THE 7TH
Eugene Emeralds batting - Pitching for Batavia Muckdogs : RHP Jesus Gomez
Batting: RHB Adrian Cox 0-0: Ball
1-0: Called Strike
1-1: Fly out, F9 (Line Drive, 9LS, EV 90.0 MPH)
Pitching: LHP Brian Worthy
Batting: RHB Jorge Lagunas 0-0: Called Strike
0-1: Ball
1-1: Ball
2-1: Ball
3-1: Foul Ball, location: 2F
3-2: DOUBLE (Line Drive, 7LS, EV 108.1 MPH)
Batting: RHB Victor Ramirez 0-0: Foul Ball, location: 2F
0-1: Foul Ball, location: 2F
0-2: Ball
1-2: Ground out 4-3 (Groundball, 34, EV 81.9 MPH)
Jorge Lagunas to third
Batting: RHB Gilberto Alvarado 0-0: Ground out U3 (Groundball, 34S, EV 83.1 MPH)
Top of the 7th over - 0 runs, 1 hit, 0 errors, 1 left on base; Eugene 0 - Batavia 4
BOTTOM OF THE 7TH
Batavia Muckdogs batting - Pitching for Eugene Emeralds : RHP Reginald Bamber
Batting: RHB Justin Dunham 0-0: DOUBLE (Groundball, 5L, EV 107.5 MPH)
Batting: RHB Andy Kelly 0-0: Called Strike
0-1: Foul Ball, location: 2F
0-2: Ball
1-2: Ground out 6-3 (Groundball, 6S, EV 61.2 MPH)
Justin Dunham to third
Batting: RHB George Boivin 0-0: Ball
1-0: Called Strike
1-1: Ball
2-1: Foul Ball, location: 2F
2-2: Ball
3-2: Strikes out swinging
Pitching: RHP Brian Jarrett
Batting: RHB Jim Fisher 0-0: Ball
1-0: Called Strike
1-1: Foul Ball, location: 2F
1-2: SINGLE (Flyball, 3D, EV 88.1 MPH)
Justin Dunham scores
Batting: RHB Jeremy Dennis 0-0: Ground out 6-3 (Groundball, 4MS, EV 60.6 MPH)
Bottom of the 7th over - 1 run, 2 hits, 0 errors, 1 left on base; Eugene 0 - Batavia 5
TOP OF THE 8TH
Eugene Emeralds batting - Pitching for Batavia Muckdogs : LHP Brian Worthy
Batting: RHB David Bousfield 0-0: Called Strike
0-1: Called Strike
0-2: Foul Ball, location: 2F
0-2: Ball
1-2: Foul Ball, location: 2F
1-2: Strikes out swinging
Batting: RHB Dan Orozco 0-0: Called Strike
0-1: Foul Ball, location: 2F
0-2: Ball
1-2: Strikes out looking
Batting: RHB Du Kim 0-0: Ground out 1-3 (Groundball, 25, EV 75.0 MPH)
Top of the 8th over - 0 runs, 0 hits, 0 errors, 0 left on base; Eugene 0 - Batavia 5
BOTTOM OF THE 8TH
Batavia Muckdogs batting - Pitching for Eugene Emeralds : RHP Brian Jarrett
Batting: RHB Calvin Morin 0-0: Ball
1-0: Ground out U3 (Groundball, 23, EV 93.1 MPH)
Batting: SHB Justin Corbett 0-0: Swinging Strike
0-1: Ground out 4-3 (Groundball, 4D, EV 104.4 MPH)
Batting: LHB Danny Treto 0-0: Swinging Strike
0-1: Ball
1-1: Ground out 5-3 (Groundball, 56, EV 100.6 MPH)
Bottom of the 8th over - 0 runs, 0 hits, 0 errors, 0 left on base; Eugene 0 - Batavia 5
TOP OF THE 9TH
Eugene Emeralds batting - Pitching for Batavia Muckdogs : LHP Brian Worthy
Batting: RHB Ricky Ramirez 0-0: Ball
1-0: Called Strike
1-1: Called Strike
1-2: Foul Ball, location: 2F
1-2: Ball
2-2: Strikes out swinging
Batting: RHB Mike Hill 0-0: Ball
1-0: Ball
2-0: Ball
3-0: Called Strike
3-1: Called Strike
3-2: Base on Balls
Batting: RHB Adrian Cox 0-0: Grounds out, U3 (Groundball, 3L, EV 111.9 MPH)
Batting: RHB Jorge Lagunas 0-0: Ball
1-0: Called Strike
1-1: Called Strike
1-2: Ball
2-2: Foul Ball, location: 2F
2-2: Strikes out swinging
Top of the 9th over - 0 runs, 0 hits, 0 errors, 1 left on base; Eugene 0 - Batavia 5
Tuesday, March 28th , 2023 - OOTP Baseball 23.10 Build 110